Map: Oxide LE

Players

MaxPax - Winner!

  • Race: Protoss Protoss
  • League: Grandmaster

Geralt (Gerald)

  • Race: Protoss Protoss
  • League: Grandmaster

Event: DreamHack SC2 Masters 2021 Summer

VOD

Have the link to the VOD?

Description

Time

  • Played on: May 19, 2021, 12:33 p.m.
  • Length: 5:36

All games in this series

Show
View Real Time Build Order
Export as new Build Order

MaxPax Protoss - Winner!

Build Orders: 1 Gate Expand, Mass Adepts 

Get SALT Encoding   

  12  0:00  Probe  
  13  0:12  Probe  
  14  0:16  Pylon  
  14  0:24  Probe  
  15  0:36  Probe  
  15  0:38  Gateway  
  16  0:48  Probe  
  17  1:08  Nexus  
  17  1:13  Assimilator  
  17  1:16  Probe  
  18  1:26  Cybernetics Core  
  18  1:31  Probe  
  19  1:41  Pylon  
  19  1:43  Probe  
  20  1:55  Probe  
  20  1:56  Warp Gate (Chrono Boost)  
  21  2:06  Pylon, Adept  
  21  2:07  Probe  
  24  2:25  Gateway  
  24  2:26  Shield Battery  
  24  2:29  Shield Battery  
  24  2:33  Pylon  
  24  2:39  Pylon  
  23  2:46  Gateway  
  23  2:55  Gateway  
  24  2:58  Probe  
  24  3:01  Probe  
  25  3:10  Probe  
  26  3:18  Probe  
  25  3:20  Adept x2  
  25  3:22  Probe  
  30  3:36  Probe  
  30  3:39  Adept x2  
  30  3:41  Adept  
  36  3:47  Probe  
  37  3:49  Probe  
  37  3:52  Adept  
  38  3:58  Adept x2  
  41  4:07  Adept  
  43  4:13  Stalker  
  44  4:20  Stalker  
  46  4:27  Stalker  
  42  4:45  Pylon, Assimilator  
  40  4:46  Adept  
  40  4:47  Zealot x2  
  40  4:48  Probe x2  
  40  4:50  Assimilator  
  44  5:00  Probe  
Show
View Real Time Build Order
Export as new Build Order

Geralt Protoss 

Build Orders: 1 Gate Expand 

Get SALT Encoding   

  12  0:00  Probe  
  13  0:12  Probe  
  14  0:17  Pylon  
  14  0:24  Probe (Chrono Boost)  
  16  0:37  Probe (Chrono Boost), Gateway  
  16  0:42  Probe (Chrono Boost)  
  16  0:46  Assimilator  
  17  0:51  Probe  
  17  0:54  Assimilator  
  18  1:03  Probe (Chrono Boost)  
  19  1:12  Probe (Chrono Boost)  
  19  1:17  Probe (Chrono Boost)  
  21  1:27  Nexus  
  21  1:36  Cybernetics Core  
  21  1:39  Probe  
  22  1:47  Assimilator  
  22  1:49  Assimilator  
  22  1:56  Pylon  
  22  2:01  Probe  
  23  2:11  Adept (Chrono Boost)  
  23  2:12  Pylon  
  23  2:15  Probe, Warp Gate (Chrono Boost)  
  26  2:27  Probe  
  27  2:32  Gateway  
  27  2:37  Stalker  
  29  2:46  Shield Battery  
  29  2:53  Gateway  
  29  3:04  Gateway  
  29  3:19  Probe x2  
  30  3:31  Probe x2  
  26  3:43  Probe  
  25  3:52  Shield Battery  
  25  3:53  Stalker x2  
  26  4:03  Adept  
  26  4:04  Adept  
  26  4:07  Probe  
  30  4:16  Probe  
  28  4:30  Stalker  
  28  4:36  Adept  
  25  4:46  Stalker  
  25  4:50  Probe  
Tags
 
Add a new tag
Caveats
  • Supply blocks, unpowered buildings, or Contaminate may cause inaccurate times.
  • Supply counts are checked every 10 seconds.